 Dungeon Sprint DCSS version 0.20-b1 (webtiles) character file.

62210 potatolord6000 the Warrior (level 14, -13/135 HPs)
             Began as a Demonspawn Gladiator on May 19, 2017.
             Was an Initiate of Gozag.
             Mangled by Mennas
             ... wielding a +4 sacred scourge of holy wrath
              (16 damage)
             ... in the Dungeon (Sprint IX: "|||||||||||||||||||||||||||||").
             The game lasted 00:15:18 (4337 turns).

potatolord6000 the Warrior (Demonspawn Gladiator)   Turns: 4337, Time: 00:15:19

Health: -13/135    AC: 19    Str: 38    XL:     14   Next: 63%
Magic:  0/14       EV: 42    Int: 11    God:    Gozag
Gold:   2020       SH:  0    Dex: 29    Spells: 13/13 levels left

rFire    + + .     SeeInvis +   m - +6 scimitar (flame)
rCold    + + .     Gourm    .   (no shield)
rNeg     . . .     Faith    .   f - +1 steam dragon scales of Distant Worlds {rF+ Str+7}
rPois    +         Spirit   +   t - +2 helmet {SInv}
rElec    +         Reflect  .   a - +1 cloak
rCorr    +         Harm     .   s - +1 pair of gloves {Dex+3}
MR       +....     NoTele   +   (boots unavailable)
Stlth    ++........             w - amulet of Impimpuc {Spirit rPois Str+4}
Regen    0.4/turn               c - ring of Umeeh {rC+ Dex+7}
MPRegen  0.2/turn               o - +3 ring of strength

@: mighty, agile, resistant, flying, glowing, repel missiles
A: hooves 3, repulsion field 3, foul stench 1, powered by pain 1, rot immunity
a: Potion Petition, Call Merchant, Bribe Branch, Renounce Religion


You were in the Dungeon.
You worshipped Gozag.
Gozag was most pleased with you.
You were not hungry.

You visited 1 branch You collected 18377 gold pieces.
You spent 2956 gold pieces at shops.
You paid 13401 gold pieces to Gozag.

Inventory:

Hand Weapons
 m - a +6 scimitar of flaming (weapon)
Armour
 a - a +1 cloak (worn)
 f - the +1 steam dragon scales of Distant Worlds (worn) {rF+ Str+7}
   (You bought it in a shop in the Dungeon)

   It affects your strength (+7).
   It protects you from fire.
 s - a +1 pair of gloves of dexterity (worn)
 t - a +2 helmet of see invisible (worn)
Jewellery
 c - the ring of Umeeh (left hand) {rC+ Dex+7}
   (You bought it in a shop in the Dungeon)

   [ring of protection from cold]

   It affects your dexterity (+7).
   It protects you from cold.
 o - a +3 ring of strength (right hand)
 w - the amulet of Impimpuc (around neck) {Spirit rPois Str+4}
   (You bought it in a shop in the Dungeon)

   [amulet of guardian spirit]

   It causes incoming damage to be split between your health and magic.
   It affects your strength (+4).
   It protects you from poison.
Scrolls
 h - 5 scrolls of remove curse
 k - 2 scrolls of blinking
 l - 2 scrolls of amnesia
 p - a scroll of recharging
 u - a scroll of fear
 v - a scroll of identify
Potions
 d - 2 potions of resistance
 e - a potion of heal wounds
 g - 4 potions of curing
 i - 4 potions of magic
Comestibles
 b - 40 fruits
 j - 12 bread rations
 q - 10 meat rations


   Skills:
 + Level 20.0 Fighting
 + Level 18.7 Long Blades
 - Level 1.7 Throwing
 + Level 18.6 Armour
 + Level 18.7 Dodging


You had 13 spell levels left.
You didn't know any spells.

Dungeon Overview and Level Annotations

Branches:
Dungeon (1/1)

Altars:
Cheibriados
Dithmenos
Elyvilon
Fedhas
Gozag
Hepliaklqana
Kikubaaqudgha
Makhleb
Nemelex Xobeh
Okawaru
Qazlal
Ru
Sif Muna
Trog
Uskayaw
Vehumet
Xom
Yredelemnul
Zin
The Shining One
Beogh
Jiyva
Lugonu

Shops:
D [[(=[=[[?:[(*=

Annotations:
D Mennas


Innate Abilities, Weirdness & Mutations

You have hooves in place of feet.
You are surrounded by a strong repulsion field. (EV +4, RMsl)
You may emit foul miasma when damaged in melee.
You sometimes gain a little power by taking damage.
You are immune to rotting.


Message History

Purchase which effect?
You feel protected.
You feel more agile all of a sudden.
You feel very buoyant.
You fly up into the air.
Mennas hits you with a sacred scourge of holy wrath.
* * * LOW HITPOINT WARNING * * *
You convulse.
* * * LOW HITPOINT WARNING * * *
Mennas hits you with a sacred scourge of holy wrath!
* * * LOW HITPOINT WARNING * * *
You focus on the pain.
You feel your power returning.
You convulse.
* * * LOW HITPOINT WARNING * * *
Mennas hits you with a sacred scourge of holy wrath!
* * * LOW HITPOINT WARNING * * *
You convulse.
* * * LOW HITPOINT WARNING * * *
Mennas hits you with a sacred scourge of holy wrath!
* * * LOW HITPOINT WARNING * * *
You convulse!
You die...
Your body crumbles into a pile of gold.

▓▓▓▓▓▓▓▓▓▓▓▓▓▓▓▓▓▓▓▓▓▓▓▓▓▓
........A@................
▓▓▓▓▓▓▓▓▓▓▓▓▓▓▓▓▓▓▓▓▓▓▓▓▓▓▓▓▓▓▓▓▓
........').).)[.)(.[[..∩...())())
▓▓▓▓▓▓▓▓▓▓▓▓▓▓▓▓▓▓▓▓▓▓▓▓▓▓▓▓▓▓▓▓▓
.....)...........................
▓▓▓▓▓▓▓▓▓▓▓▓▓▓▓▓▓▓▓▓▓▓▓▓▓▓♣♣♣♣♣♣♣
(....((()[[[..∩.'...).[...'.∩....
▓▓▓▓▓▓▓▓▓▓▓▓▓▓▓▓▓▓▓▓▓▓▓▓▓▓♣♣♣♣♣♣♣
...............................).


You could see Mennas.

Vanquished Creatures
  A lich (D)
  Donald (D)
  2 frost giants (D)
  2 fire giants (D)
  A vampire knight (D)
  2 stone giants (D)
  A spark wasp (D)
  A fire dragon (D)
  4 ogre magi (D)
  A yaktaur captain (D)
  2 ice dragons (D)
  3 hydras (D)
  2 rakshasas (D)
  2 catoblepae (D)
  9 two-headed ogres (D)
  A merfolk aquamancer (D)
  A merfolk avatar (D)
  2 centaur warriors (D)
  2 alligators (D)
  2 tengu warriors (D)
  2 deep troll earth magi (D)
  4 death yaks (D)
  4 deep troll shamans (D)
  An anaconda (D)
  A naga sharpshooter (D)
  A shock serpent (D)
  Urug (D)
  Nergalle (D)
  A hell knight (D)
  A deep elf knight (D)
  A naga ritualist (D)
  An unseen horror (shapeshifter) (D)
  2 flayed ghosts (D)
  An ironbrand convoker (D)
  3 harpies (D)
  An ugly thing (D)
  A necromancer (D)
  3 orc knights (D)
  3 wolf spiders (D)
  A mana viper (D)
  A salamander (shapeshifter) (D)
  A cyclops (D)
  A manticore (D)
  A merfolk siren (D)
  3 vault sentinels (D)
  2 black mambas (D)
  3 naga magi (D)
  Psyche (D)
  3 spiny frogs (D)
  A freezing wraith (D)
  2 yaktaurs (D)
  A wind drake (D)
  A jumping spider (D)
  4 hippogriffs (D)
  A hornet (D)
  A blink frog (D)
  5 redbacks (D)
  A tarantella (D)
  4 yaks (D)
  A vampire mosquito (D)
  An insubstantial wisp (D)
  11 orc warriors (D)
  3 water moccasins (D)
  An ice beast (D)
  4 ogres (D)
  A boggart (D)
  A wolf (D)
  2 centaurs (D)
  3 crocodiles (D)
  A big kobold (shapeshifter) (D)
  4 bullfrogs (D)
  A killer bee (D)
  A wight (D)
  A crimson imp (D)
  A hound (D)
  An orc priest (D)
  2 orc wizards (D)
  A dart slug (D)
  2 leopard geckos (D)
  12 orcs (D)
  2 bat skeletons (D)
  A hobgoblin (D)
  A jackal (D)
  A giant cockroach zombie (D)
  A kobold (D)
  A quokka skeleton (D)
  A quokka zombie (D)
176 creatures vanquished.

Vanquished Creatures (others)
  A spiny frog (D)
  A hornet (D)
  2 swamp drakes (D)
4 creatures vanquished.

Grand Total: 180 creatures vanquished

Notes
Turn   | Place    | Note
-------+----------+-------------------------------------------
     0 | D        | potatolord6000 the Demonspawn Gladiator began the quest for the Orb.
     0 | D        | Reached XP level 1. HP: 16/16 MP: 1/1
     0 | D        | Banished a spatial maelstrom
    14 | D        | Reached skill level 1 in Armour
    17 | D        | Gained mutation: You have large cloven feet. [demonic ancestry]
    17 | D        | Reached XP level 2. HP: 18/23 MP: 2/2
    77 | D        | Noticed an ice beast
    77 | D        | Noticed an ogre
    85 | D        | Reached skill level 3 in Fighting
    85 | D        | Reached XP level 3. HP: 16/30 MP: 3/3
    97 | D        | Killed an ice beast
    97 | D        | Reached skill level 5 in Fighting
    97 | D        | Reached skill level 5 in Long Blades
    97 | D        | Reached skill level 5 in Dodging
    97 | D        | Gained mutation: You are surrounded by a mild repulsion field. (EV +2) [demonic ancestry]
    97 | D        | Reached XP level 4. HP: 10/39 MP: 4/4
   104 | D        | Killed an ogre
   104 | D        | Reached skill level 6 in Fighting
   104 | D        | Reached skill level 5 in Armour
   104 | D        | Gained mutation: You are surrounded by a moderate repulsion field. (EV +3) [demonic ancestry]
   104 | D        | Reached XP level 5. HP: 25/46 MP: 5/5
   121 | D        | Found a roughly hewn altar of Beogh.
   121 | D        | Found a snail-covered altar of Cheibriados.
   121 | D        | Found a shadowy altar of Dithmenos.
   121 | D        | Found a white marble altar of Elyvilon.
   121 | D        | Found a blossoming altar of Fedhas.
   121 | D        | Found an opulent altar of Gozag.
   122 | D        | Found a hazy altar of Hepliaklqana.
   123 | D        | Found a viscous altar of Jiyva.
   124 | D        | Found an ancient bone altar of Kikubaaqudgha.
   125 | D        | Found a corrupted altar of Lugonu.
   126 | D        | Found a burning altar of Makhleb.
   127 | D        | Found a sparkling altar of Nemelex Xobeh.
   128 | D        | Found an iron altar of Okawaru.
   129 | D        | Became a worshipper of Gozag Ym Sagoz the Greedy
   130 | D        | Found a stormy altar of Qazlal.
   131 | D        | Found a sacrificial altar of Ru.
   132 | D        | Found a deep blue altar of Sif Muna.
   133 | D        | Found a bloodstained altar of Trog.
   134 | D        | Found a hide-covered altar of Uskayaw.
   135 | D        | Found a radiant altar of Vehumet.
   137 | D        | Found a shimmering altar of Xom.
   138 | D        | Found a basalt altar of Yredelemnul.
   139 | D        | Found a glowing silver altar of Zin.
   140 | D        | Found a glowing golden altar of the Shining One.
   262 | D        | Noticed a centaur
   275 | D        | Killed a centaur
   275 | D        | Reached skill level 7 in Fighting
   275 | D        | Gained mutation: You are surrounded by a strong repulsion field. (EV +4, RMsl) [demonic ancestry]
   275 | D        | Reached XP level 6. HP: 37/55 MP: 6/6
   457 | D        | Noticed a hippogriff
   457 | D        | Noticed a five-headed hydra
   457 | D        | Noticed a centaur warrior
   462 | D        | Killed a hippogriff
   462 | D        | Reached skill level 8 in Fighting
   462 | D        | Reached XP level 7. HP: 62/62 MP: 7/7
   465 | D        | Killed a two-headed hydra
   465 | D        | Reached skill level 9 in Fighting
   465 | D        | Reached XP level 8. HP: 37/71 MP: 8/8
   468 | D        | Killed a centaur warrior
   468 | D        | Reached skill level 10 in Fighting
   471 | D        | Gained mutation: You are immune to rotting. [demonic ancestry]
   471 | D        | Reached XP level 9. HP: 38/79 MP: 9/9
   767 | D        | Noticed a spiny frog
   767 | D        | Noticed a black mamba
   777 | D        | Killed a spiny frog
   777 | D        | Reached skill level 10 in Long Blades
   777 | D        | Reached skill level 10 in Dodging
   778 | D        | Noticed a spiny frog
   781 | D        | Reached skill level 11 in Fighting
   783 | D        | Reached skill level 10 in Armour
   785 | D        | Killed a black mamba
   802 | D        | Killed a spiny frog
   874 | D        | Noticed a spiny frog
   880 | D        | Killed a spiny frog
   891 | D        | Gained mutation: You sometimes gain a little power by taking damage. [demonic ancestry]
   891 | D        | Reached XP level 10. HP: 67/89 MP: 10/10
   896 | D        | Reached skill level 12 in Fighting
   986 | D        | Noticed a catoblepas
   986 | D        | Noticed a death yak
   986 | D        | Noticed a catoblepas
   986 | D        | Noticed a death yak
   987 | D        | Noticed a death yak
   990 | D        | Noticed a death yak
   993 | D        | Killed a catoblepas
   999 | D        | Killed a death yak
  1006 | D        | Killed a catoblepas
  1006 | D        | Reached skill level 13 in Fighting
  1011 | D        | Killed a death yak
  1014 | D        | Killed a death yak
  1014 | D        | Reached XP level 11. HP: 59/98 MP: 11/11
  1018 | D        | Killed a death yak
  1192 | D        | Bought distressingly furry steam dragon scales for 990 gold pieces
  1202 | D        | Identified the +1 steam dragon scales of Distant Worlds {rF+ Str+7} (You bought it in a shop in the Dungeon)
  1287 | D        | Noticed Urug
  1297 | D        | Killed Urug
  1424 | D        | Noticed an orc knight
  1429 | D        | Killed an orc knight
  1504 | D        | Bought a +1 pair of gloves of dexterity for 214 gold pieces
  1504 | D        | Bought a +2 helmet of see invisible for 279 gold pieces
  1531 | D        | Reached skill level 14 in Fighting
  1539 | D        | Noticed an orc knight
  1573 | D        | Killed an orc knight
  1760 | D        | Found Moruc's Magic Scroll Emporium.
  1760 | D        | Noticed a two-headed ogre
  1760 | D        | Noticed a two-headed ogre
  1760 | D        | Noticed a two-headed ogre
  1761 | D        | Noticed a two-headed ogre
  1765 | D        | Noticed a two-headed ogre
  1765 | D        | Killed a two-headed ogre
  1768 | D        | Killed a two-headed ogre
  1773 | D        | Killed a two-headed ogre
  1777 | D        | Killed a two-headed ogre
  1782 | D        | Killed a two-headed ogre
  1786 | D        | Found Awecsar's Book Shoppe.
  1790 | D        | Found Nohyeps's Antique Armour Emporium.
  1792 | D        | Noticed an ogre mage
  1793 | D        | Found Zibiheto's General Store.
  1793 | D        | Noticed a two-headed ogre
  1794 | D        | Noticed a two-headed ogre
  1795 | D        | Noticed a two-headed ogre
  1800 | D        | Killed an ogre mage
  1800 | D        | Reached skill level 15 in Fighting
  1801 | D        | Noticed a two-headed ogre
  1805 | D        | Killed a two-headed ogre
  1805 | D        | Gained mutation: You have hoof-like feet. [demonic ancestry]
  1805 | D        | Reached XP level 12. HP: 110/110 MP: 12/12
  1808 | D        | Killed a two-headed ogre
  1813 | D        | Killed a two-headed ogre
  1818 | D        | Killed a two-headed ogre
  1868 | D        | Bought a pair of boots for 135 gold pieces
  2057 | D        | Noticed a tengu warrior
  2067 | D        | Killed a tengu warrior
  2079 | D        | Noticed an ogre mage
  2085 | D        | Noticed a fire giant
  2088 | D        | Noticed a tengu warrior
  2091 | D        | Noticed a deep troll shaman
  2094 | D        | Noticed a vampire knight
  2094 | D        | Killed an ogre mage
  2101 | D        | Killed a fire giant
  2101 | D        | Reached skill level 16 in Fighting
  2101 | D        | Reached skill level 15 in Long Blades
  2101 | D        | Reached skill level 15 in Dodging
  2103 | D        | Killed a tengu warrior
  2107 | D        | Killed a deep troll shaman
  2115 | D        | Killed a vampire knight
  2115 | D        | Reached skill level 15 in Armour
  2118 | D        | Noticed a deep troll shaman
  2125 | D        | Killed a deep troll shaman
  2369 | D        | Noticed Nergalle
  2375 | D        | Noticed Donald
  2379 | D        | Killed Nergalle
  2408 | D        | Killed Donald
  2786 | D        | Noticed an anaconda
  2794 | D        | Gained mutation: You may emit foul miasma when damaged in melee. [demonic ancestry]
  2794 | D        | Reached XP level 13. HP: 119/119 MP: 13/13
  2807 | D        | Reached skill level 17 in Fighting
  3359 | D        | Bought the amulet of Impimpuc {Spirit rPois Str+4} for 545 gold pieces
  3521 | D        | Reached skill level 18 in Fighting
  3631 | D        | Noticed Psyche
  3637 | D        | Killed Psyche
  3672 | D        | Noticed a spark wasp
  3673 | D        | Noticed a frost giant
  3684 | D        | Killed a spark wasp
  3685 | D        | Noticed a fire dragon
  3690 | D        | Noticed a frost giant
  3694 | D        | Paralysed by an ogre mage for 7 turns
  3704 | D        | Noticed a fire giant
  3708 | D        | Noticed a lich
  3714 | D        | Noticed a stone giant
  3714 | D        | Killed a frost giant
  3716 | D        | Killed a fire dragon
  3722 | D        | Killed a frost giant
  3722 | D        | Gained mutation: You have hooves in place of feet. [demonic ancestry]
  3722 | D        | Reached XP level 14. HP: 65/131 MP: 7/14
  3733 | D        | Killed a fire giant
  3735 | D        | Killed a lich
  3735 | D        | Reached skill level 19 in Fighting
  3739 | D        | Killed a stone giant
  3807 | D        | Bought the ring of Umeeh {rC+ Dex+7} for 793 gold pieces
  4012 | D        | Noticed a stone giant
  4028 | D        | Killed a stone giant
  4053 | D        | Reached skill level 20 in Fighting
  4318 | D        | Noticed Mennas
  4337 | D        | HP: 3/135 [Mennas/sacred scourge of holy wrath (7)]
  4337 | D        | Mangled by Mennas

Skill      XL: |  1  2  3  4  5  6  7  8  9 10 11 12 13 14 |
---------------+-------------------------------------------+-----
Long Blades    | 3 4 5 6 7 9 11 12 14 15 17 18 | 18.7
Dodging        | 3 5 6 7 8 9 11 12 14 15 17 18 | 18.7
Armour         | 1 2 4 5 6 8 9 10 12 13 15 17 18 | 18.6
Fighting       | 3 5 6 7 8 9 10 11 13 15 16 18 20 | 20.0
Throwing       | |  1.7

Action                   |  1- 3 |  4- 6 |  7- 9 | 10-12 | 13-15 || total
-------------------------+-------+-------+-------+-------+-------++-------
Melee: Long sword        |    30 |    16 |       |       |       ||    46
       Kick              |     6 |     9 |    29 |   114 |    53 ||   211
       Scimitar          |       |    23 |    60 |   273 |   233 ||   589
Invok: Call Merchant     |       |       |     2 |     5 |     3 ||    10
       Potion Petition   |       |       |       |     1 |     2 ||     3
  Use: Potion            |     2 |     2 |       |     3 |    10 ||    17
       Scroll            |       |       |     8 |     2 |       ||    10
 Stab: Distracted        |       |     2 |       |     1 |     6 ||     9
       Invisible         |       |       |       |     8 |       ||     8
       Confused          |       |       |       |       |     3 ||     3
  Eat: Bread ration      |       |       |     1 |       |       ||     1
       Meat ration       |       |       |       |     2 |       ||     2
Armor: Leather armour    |     6 |     1 |     6 |     3 |       ||    16
       Steam dragon scal |       |       |       |    14 |    34 ||    48
Dodge: Dodged            |    15 |    31 |    47 |   146 |   206 ||   445
       Deflected         |       |       |     1 |     3 |     3 ||     7
       Rpst.: Long sword |    10 |     2 |       |       |       ||    12
       Scimitar          |       |     3 |    15 |    35 |    42 ||    95
